 Dungeon Crawl Stone Soup version 0.31-a0-152-g6aa68a64a1 (webtiles) character file.

Game seed: 382969179129085635

259 qw the Shooter (level 6, -1/56 HPs)
             Began as a Naga Hunter on June 10, 2023.
             Slain by a black bear (2 damage)
             ... on level 4 of the Dungeon.
             The game lasted 00:00:46 (2573 turns).

qw the Shooter (Naga Hunter)                        Turns: 2573, Time: 00:00:46

Health: -1/56      AC:  3    Str: 14    XL:     6   Next: 17%
Magic:  6/6        EV:  9    Int:  9    God:
Gold:   157        SH:  0    Dex: 16    Spells: 5/5 levels left

rFire   . . .        Y - +0 shortbow
rCold   . . .        (shield currently unavailable)
rNeg    . . .        c - +0 leather armour
rPois   +            (no helmet)
rElec   .            (no cloak)
rCorr   .            (no gloves)
SInv    +            (no barding)
Will    .....        (no amulet)
Stlth   ++           (no ring)
HPRegen 0.29/turn    (no ring)
MPRegen 0.10/turn

%: no passive effects
@: very slow
A: AC +2, large, see invisible, deformed body, poison resistance, slowness 2,
spit poison 1, naga tail 1
a: Spit Poison


You were on level 4 of the Dungeon.
You visited 1 branch of the dungeon, and saw 4 of its levels.

You collected 157 gold pieces.


Innate Abilities, Weirdness & Mutations

Your serpentine skin is tough. (AC +2)
You have supernaturally acute eyesight. (SInv)
Armour fits poorly on your strangely shaped body.
Your system is resistant to poisons. (rPois)
You cover ground very slowly.
You can spit poison.
You have a snake-like lower body.


   Skills:
 + Level 3.3 Fighting
 - Level 6.1 Ranged Weapons
 - Level 1.5 Dodging
 - Level 1.5 Stealth


You had 5 spell levels left.
You didn't know any spells.
Your spell library was empty.

Inventory:

Hand Weapons
 Y - a +0 shortbow (weapon)
Armour
 c - a +0 leather armour (worn)
Jewellery
 d - a ring of ice
Scrolls
 a - 4 scrolls of identify
 f - a scroll of vulnerability {unknown}
Potions
 b - 2 potions of cancellation {unknown}
 e - a potion of ambrosia {unknown}
 g - a potion of mutation {unknown}

Dungeon Overview and Level Annotations

Branches:
Dungeon (4/15)
 Temple: D:4-7

Altars:
Xom


Message History

The black bear is poisoned.
The black bear is lightly wounded.
You shoot an arrow. The arrow hits the black bear.
The black bear is moderately wounded.
You shoot an arrow. The arrow hits the black bear.
The black bear is heavily wounded.
You shoot an arrow.
The arrow closely misses the black bear.
You shoot an arrow. The arrow hits the black bear.
The black bear is severely wounded.
The black bear bites you! The black bear barely misses you.
The black bear claws you but does no damage.
The black bear bites you but does no damage.
The black bear claws you but does no damage.
The black bear claws you.
You shoot an arrow. The arrow barely misses the black bear.
You have got your breath back.
The black bear goes berserk!
2570 ||| INVOKING Spit Poison.
Aiming: Spit Poison (1% risk of failure)
Press: ? - help, Shift-Dir - straight line, f/p - black bear The splash of poison hits the black bear.
The black bear looks even sicker.
The black bear is almost dead.
The black bear bites you. The black bear closely misses you.
The black bear barely misses you.
You shoot an arrow. The arrow barely misses the black bear.
The black bear bites you. The black bear claws you.
The black bear claws you but does no damage.
The black bear bites you.
The black bear claws you but does no damage.
The black bear claws you.
You shoot an arrow. The arrow barely misses the black bear.
The black bear bites you! The black bear claws you. x2
The black bear barely misses you. The black bear claws you. x2
You shoot an arrow. The arrow barely misses the black bear.
You have got your breath back.
The black bear barely misses you. The black bear completely misses you.
The black bear claws you.
You die...

.. .# . .# .# ##.##
..# ######.#.#....
###...#......<.#
#......#...#....
#.#...#.@h.....#
.###.##.###.#.#|..#
.¤.......###.## .
~¤.~~~¤¤.###.##
¤~.~.¤¤~......#
¤¤.~.~~~.###..#
¤¤.~.~...###..# #
.¤¤.¤¤._).....# .####
.¤.~¤~....#...##......


You could see a black bear (berserk, very poisoned).

Vanquished Creatures
  A howler monkey (D:4)
  2 hounds (D:3)
  An iguana (D:4)
  Ijyb (D:3)
  Natasha (D:2)
  4 adders
  A worm (D:3)
  A dart slug (D:4)
  4 orcs (D:4)
  2 ball pythons
  3 endoplasms
  3 goblins
  4 hobgoblins
  5 kobolds
  4 quokkas
  3 bats
  A frilled lizard (D:2)
  7 rats
48 creatures vanquished.

Notes
Turn   | Place    | Note
-------+----------+-------------------------------------------
     0 | D:1      | qw the Naga Hunter began the quest for the Orb.
     0 | D:1      | Reached XP level 1. HP: 19/19 MP: 1/1
     0 | D:1      | 0 ||| qw: Version: 0.2-a-29-g67ad517
     0 | D:1      | 0 ||| qw: Game counter: 3935
     0 | D:1      | 0 ||| qw: Always use a shield: true
     0 | D:1      | 0 ||| qw: God list: Okawaru
     0 | D:1      | 0 ||| qw: Allow faded altars: false
     0 | D:1      | 0 ||| qw: Do Orc after D:15 true
     0 | D:1      | 0 ||| qw: Do second Lair branch before Depths: true
     0 | D:1      | 0 ||| qw: Lair rune preference: random
     0 | D:1      | 0 ||| qw: Plans: Normal
     0 | D:1      | 0 ||| PLANNING D:1-11
    37 | D:1      | 37 ||| INVOKING Spit Poison.
    72 | D:1      | 72 ||| INVOKING Spit Poison.
   125 | D:1      | 125 ||| INVOKING Spit Poison.
   204 | D:1      | 204 ||| INVOKING Spit Poison.
   208 | D:1      | 208 ||| INVOKING Spit Poison.
   274 | D:1      | 274 ||| INVOKING Spit Poison.
   306 | D:1      | Found a faded altar of an unknown god.
   307 | D:1      | 307 ||| INVOKING Spit Poison.
   308 | D:1      | Reached skill level 4 in Ranged Weapons
   308 | D:1      | Reached XP level 2. HP: 26/26 MP: 2/2
   470 | D:1      | 470 ||| READING 3 scrolls labelled YTAWYENGYMM.
   471 | D:1      | 471 ||| READING scroll labelled ADANOU IGUIGG.
   472 | D:1      | 472 ||| READING 2 scrolls labelled IXOHYNEARR.
   476 | D:1      | 476 ||| DROPPING scroll of butterflies.
   521 | D:2      | 521 ||| INVOKING Spit Poison.
   527 | D:2      | 527 ||| INVOKING Spit Poison.
   568 | D:2      | 568 ||| INVOKING Spit Poison.
   583 | D:2      | 583 ||| INVOKING Spit Poison.
   587 | D:2      | 587 ||| INVOKING Spit Poison.
   635 | D:2      | 635 ||| INVOKING Spit Poison.
   638 | D:2      | 638 ||| INVOKING Spit Poison.
   640 | D:2      | Reached XP level 3. HP: 27/32 MP: 3/3
   687 | D:2      | 687 ||| INVOKING Spit Poison.
   785 | D:2      | Noticed Natasha
   787 | D:2      | 787 ||| INVOKING Spit Poison.
   790 | D:2      | 790 ||| INVOKING Spit Poison.
   791 | D:2      | HP: 7/32 [Natasha/magic dart (8)]
   792 | D:2      | 792 ||| READING scroll of teleportation.
   793 | D:2      | 793 ||| INVOKING Spit Poison.
   793 | D:2      | Killed Natasha
   794 | D:2      | Reached skill level 5 in Ranged Weapons
   794 | D:2      | Reached XP level 4. HP: 5/39 MP: 4/4
   962 | D:2      | 962 ||| INVOKING Spit Poison.
   969 | D:2      | Identified the +2 dagger "Qyatwaal" {heavy, rPois Will+
                  | Dex+3}
  1021 | D:2      | 1021 ||| INVOKING Spit Poison.
  1068 | D:2      | 1068 ||| INVOKING Spit Poison.
  1211 | D:2      | 1211 ||| INVOKING Spit Poison.
  1255 | D:2      | 1255 ||| READING scroll labelled RABEOF HOIGITI.
  1256 | D:2      | 1256 ||| READING scroll labelled MAKA JUEWITE.
  1318 | D:3      | 1318 ||| INVOKING Spit Poison.
  1323 | D:3      | 1323 ||| INVOKING Spit Poison.
  1457 | D:3      | 1457 ||| INVOKING Spit Poison.
  1529 | D:3      | 1529 ||| INVOKING Spit Poison.
  1568 | D:3      | 1568 ||| INVOKING Spit Poison.
  1571 | D:3      | 1571 ||| INVOKING Spit Poison.
  1572 | D:3      | Noticed Ijyb
  1576 | D:3      | 1576 ||| INVOKING Spit Poison.
  1582 | D:3      | Killed Ijyb
  1583 | D:3      | Reached skill level 3 in Fighting
  1583 | D:3      | Reached XP level 5. HP: 49/49 MP: 5/5
  1686 | D:3      | 1686 ||| INVOKING Spit Poison.
  1689 | D:3      | 1689 ||| INVOKING Spit Poison.
  1820 | D:3      | 1820 ||| INVOKING Spit Poison.
  1824 | D:3      | 1824 ||| INVOKING Spit Poison.
  1984 | D:3      | 1984 ||| DROPPING ring of flight.
  1985 | D:3      | 1985 ||| READING 2 scrolls labelled GOZ CUTYSOSS.
  1986 | D:3      | 1986 ||| DROPPING scroll of noise.
  2011 | D:4      | 2011 ||| INVOKING Spit Poison.
  2015 | D:4      | 2015 ||| INVOKING Spit Poison.
  2018 | D:4      | 2018 ||| INVOKING Spit Poison.
  2021 | D:4      | 2021 ||| STAIRDANCE
  2024 | D:3      | 2024 ||| INVOKING Spit Poison.
  2025 | D:3      | 2025 ||| INVOKING Spit Poison.
  2041 | D:4      | 2041 ||| INVOKING Spit Poison.
  2045 | D:4      | 2045 ||| STAIRDANCE
  2047 | D:3      | 2047 ||| INVOKING Spit Poison.
  2164 | D:4      | 2164 ||| INVOKING Spit Poison.
  2188 | D:4      | 2188 ||| INVOKING Spit Poison.
  2202 | D:4      | 2202 ||| INVOKING Spit Poison.
  2203 | D:4      | Reached XP level 6. HP: 56/56 MP: 6/6
  2334 | D:4      | 2334 ||| INVOKING Spit Poison.
  2339 | D:4      | 2339 ||| INVOKING Spit Poison.
  2346 | D:4      | 2346 ||| INVOKING Spit Poison.
  2346 | D:4      | HP: 14/56 [iguana (7)]
  2349 | D:4      | HP: 1/56 [iguana (11)]
  2350 | D:4      | 2350 ||| INVOKING Spit Poison.
  2351 | D:4      | Reached skill level 6 in Ranged Weapons
  2508 | D:4      | 2508 ||| INVOKING Spit Poison.
  2538 | D:4      | Found a shimmering altar of Xom.
  2561 | D:4      | Noticed a black bear
  2564 | D:4      | 2564 ||| INVOKING Spit Poison.
  2570 | D:4      | 2570 ||| INVOKING Spit Poison.
  2572 | D:4      | HP: 10/56 [black bear (5)]
  2572 | D:4      | HP: 1/56 [black bear (6)]
  2573 | D:4      | Slain by a black bear

Levels and vault maps discovered:
D:1:      lightli_arrival_maybe_door_vault, layout_basic,
          ebering_ecumenical_altar_mist
D:2:      layout_basic, uniq_natasha
D:3:      layout_loops_ring, serial_glass, glass_columns_a, glass_columns_a,
          minivault_23, uniq_ijyb
D:4:      layout_loops_ring, mainiacjoe_overflow_large_starburst

Skill      XL: |  1  2  3  4  5  6 |
---------------+-------------------+-----
Ranged Weapons | 4 5 6 |  6.1
Fighting       | 3 |  3.3
Dodging        | |  1.5
Stealth        | |  1.5

Action                     |  1- 3 |  4- 6 || total
---------------------------+-------+-------++-------
  Melee: Unarmed           |       |     6 ||     6
   Fire: Shortbow          |    31 |    80 ||   111
Ability: Spit Poison       |    18 |    31 ||    49
    Use: Scroll            |     4 |     3 ||     7
 Armour: Leather armour    |     1 |    18 ||    19
  Dodge: Dodged            |     7 |    23 ||    30

Table legend:
 A = Non-vault XP
 B = Vault XP
 C = Vault XP percentage of total XP
 D = Non-vault monster count
 E = Vault monster count
 F = Vault count percentage of total count
                 A         B        C        D         E       F
            +---------+---------+-------+---------+---------+-------
      Total |     302 |      69 |  18.6 |      46 |       2 |   4.2
            +---------+---------+-------+---------+---------+-------
        D:1 |      11 |       0 |   0.0 |       7 |       0 |   0.0
        D:2 |      45 |      33 |  42.3 |      14 |       1 |   6.7
        D:3 |     131 |      36 |  21.6 |      15 |       1 |   6.2
        D:4 |     115 |       0 |   0.0 |      10 |       0 |   0.0
            +---------+---------+-------+---------+---------+-------
